 Dungeon Crawl Stone Soup version 0.25-b1-46-gb8a1ec05df (webtiles) character file.

Game seed: 8711730528071768447

14 DeadF the Vexing (level 2, -3/11 HPs)
             Began as a Felid Enchanter on June 9, 2020.
             Slain by a hobgoblin (4 damage)
             ... on level 1 of the Dungeon.
             The game lasted 00:02:12 (1313 turns).

DeadF the Vexing (Felid Enchanter)                  Turns: 1313, Time: 00:02:13

Health: -3/11      AC:  1    Str:  4    XL:     2   Next: 27%
Magic:  6/6        EV: 18    Int: 16    God:
Gold:   16         SH:  0    Dex: 16    Spells: 4/5 levels left
                                        Lives:  0   Deaths: 0

rFire    . . .     SeeInvis +     - Unarmed
rCold    . . .     Gourm    .   (shield unavailable)
rNeg     . . .     Faith    .   (armour unavailable)
rPois    .         Spirit   .   (helmet unavailable)
rElec    .         Reflect  .   (cloak unavailable)
rCorr    .         Harm     .   (gloves unavailable)
MR       .....                  (boots unavailable)
Stlth    +++.......             (no amulet)
HPRegen  0.03/turn              (no ring)
MPRegen  0.10/turn              (no ring)

@: quick
A: very small, no armour, no weapons or thrown items, stealth, claws 1, fangs 3,
see invisible, carnivore, speed 1, shaggy fur 1, slow metabolism 1, sharp paws
a: no special abilities


You were on level 1 of the Dungeon.
You were very full.

You visited 1 branch of the dungeon, and saw 1 of its levels.

You collected 16 gold pieces.

Inventory:

Potions
 a - a potion of stabbing {unknown}
Comestibles
 b - 3 rations


   Skills:
 + Level 2.7 Dodging
 + Level 4.3 Stealth
 + Level 1.1 Unarmed Combat
 + Level 2.1 Spellcasting
 + Level 4.9 Hexes


You had 4 spell levels left.
You knew the following spells:

 Your Spells              Type           Power        Failure   Level  Hunger
a - Corona                Hex            ###....      2%          1    #......

Your spell library contained the following spells:

 Spells                   Type           Power        Failure   Level  Hunger
 Confusing Touch          Hex            ###.....     8%          3    ###....
 Tukima's Dance           Hex            ###.....     8%          3    ###....
 Ensorcelled Hibernation  Hex/Ice        #.....       11%         2    ###....
 Dazzling Flash           Conj/Hex       #.....       22%         3    ###....


Dungeon Overview and Level Annotations

Branches:
Dungeon (1/15)

Altars:


Innate Abilities, Weirdness & Mutations

You cannot wear armour.
You are incapable of wielding weapons or throwing items.
Your paws allow you to move quietly. (Stealth)
You have sharp claws.
You have razor-sharp teeth.
You have supernaturally acute eyesight. (SInv)
You are carnivorous and can eat meat at any time.
You cover ground quickly.
You are covered in fur. (AC +1)
You have a slow metabolism.
Your sharp claws are effective at attacking unaware monsters.


Message History

You barely miss the hobgoblin.
You claw the hobgoblin, but do no damage.
The hobgoblin is lightly wounded.
The hobgoblin hits you but does no damage.
You barely miss the hobgoblin.
The hobgoblin is lightly wounded.
The hobgoblin hits you.
* * * LOW HITPOINT WARNING * * *
You barely miss the hobgoblin.
The hobgoblin is lightly wounded.
The hobgoblin hits you but does no damage.
You barely miss the hobgoblin.
The hobgoblin is lightly wounded.
The hobgoblin closely misses you.
You closely miss the hobgoblin.
The hobgoblin is lightly wounded.
You scratch the hobgoblin but do no damage.
The hobgoblin is lightly wounded.
The hobgoblin hits you.
You die...

...######.............# ######
#.## ###.###.#####.# ##..... #.#
#..##..# #..#####...### #.##
#####'###รท###.###.......# #..#
#...)..['.#.......##...## ##.#
#.#'#.#'#####(###.###.## #.#
#.'.#.#.....'.#.'.# ### #K#
#.#.#.#..g..#.#.########## #.#
#.#.###..@..#'#.#......... #.#
##.#.#.#..<..#.#.#.######## #.#
#....#.#.....'^#.'.# #
#.####..#'#.#'#####.##### #
#.#.....'.....'.'.....'.########
#..###.####.###'###.###.......##
#..# #......##...##.#.####..#...
#..###.#######.#.##........###..
###...>[............###..#..#...


You could see a hobgoblin.

Vanquished Creatures
  4 bats (D:1)
  A giant cockroach (D:1)
  2 goblins (D:1)
  2 hobgoblins (D:1)
  2 frilled lizards (D:1)
  A kobold (D:1)
  2 rats (D:1)
14 creatures vanquished.

Notes
Turn   | Place    | Note
-------+----------+-------------------------------------------
     0 | D:1      | DeadF the Felid Enchanter began the quest for the Orb.
     0 | D:1      | Reached XP level 1. HP: 7/7 MP: 4/4
   552 | D:1      | Reached XP level 2. HP: 11/11 MP: 6/6
  1313 | D:1      | Slain by a hobgoblin

Illustrated notes

Levels and vault maps discovered:
D:1:      shiori_arrival_maze, layout_loops_ring

Action                   || total
-------------------------++-------
Melee: Unarmed           ||    65
       Bite              ||     5
       Punch             ||     1
 Cast: Corona            ||     2
 Stab: Sleeping          ||     5
  Eat: Chunk             ||     6
Armor: Skin              ||     9
Dodge: Dodged            ||    64
